 Dungeon Crawl Stone Soup version 0.26-a0-837-g5a8a614f01 (webtiles) character file.

Game seed: 508122369580329927

616 Peloso the Shield-Bearer (level 7, -1/60 HPs)
             Began as a Minotaur Fighter on Nov 18, 2020.
             Slain by a raiju (7 damage)
             ... on level 1 of the Abyss.
             The game lasted 00:11:42 (3276 turns).

Peloso the Shield-Bearer (Minotaur Fighter)         Turns: 3276, Time: 00:11:43

Health: -1/60      AC:  8    Str: 19 (21) XL:     7   Next: 21%
Magic:  6/6        EV:  8    Int:  2 (5)  God:
Gold:   261        SH: 11    Dex: 10 (11) Spells: 6/6 levels left

rFire    + . .     SeeInvis .   a - +1 long sword
rCold    x . .     Faith    .   c - +1 kite shield
rNeg     . . .     Spirit   .   e - +0 scale mail
rPois    .         Reflect  .   (helmet restricted)
rElec    .         Harm     .   l - scarf {+Inv}
rCorr    .         Rampage  .   g - +0 pair of gloves
MR       .....                  (no boots)
Stlth    ..........             (no amulet)
HPRegen  0.20/turn              k - ring of fire
MPRegen  0.10/turn              (no ring)

@: no status effects
A: retaliatory headbutt, horns 2
a: Evoke Invisibility


You were on level 1 of the Abyss.
You visited 1 branch of the dungeon, and saw 3 of its levels.
You visited the Abyss 1 time.
You also visited: Sewer.

You collected 261 gold pieces.

Inventory:

Hand Weapons
 a - a +1 long sword (weapon)
Armour
 c - a +1 kite shield (worn)
 e - a +0 scale mail (worn)
 g - a +0 pair of gloves (worn)
 l - a scarf of invisibility (worn)
Jewellery
 k - a ring of fire (left hand)
 o - an uncursed ring of magical power
 s - an uncursed amulet of faith
Scrolls
 i - 4 scrolls of remove curse
 j - 2 scrolls of identify
 m - a scroll of teleportation
 r - a scroll of enchant weapon
Potions
 d - 2 potions of curing
 f - 2 potions of flight
 h - a potion of brilliance
 n - a potion of resistance {unknown}
 p - a potion of lignification {unknown}
 q - 2 potions of degeneration


   Skills:
 + Level 4.9 Fighting
 + Level 5.3 Long Blades
 + Level 5.9 Armour
 + Level 2.0 Dodging
 + Level 6.1 Shields


You had 6 spell levels left.
You didn't know any spells.
Your spell library was empty.

Dungeon Overview and Level Annotations

Branches:
Dungeon (3/15)              Sewer (visited)

Altars:
Vehumet


Innate Abilities, Weirdness & Mutations

You reflexively headbutt those who attack you in melee.
You have a pair of horns on your head.


Message History

You barely miss the raiju. Your headbutt misses the raiju.
The raiju is lightly wounded.
The raiju bursts into living lightning!
The living lightning hits you!
The raiju blinks!
A raiju comes into view.
It was a potion of degeneration.
There was something very wrong with that liquid.
You feel weakened.
You feel dopey.
You feel clumsy.
You slash the raiju! Your headbutt misses the raiju.
The raiju is moderately wounded.
The raiju bites you.
* * * LOW HITPOINT WARNING * * *
The raiju shocks you!
* * * LOW HITPOINT WARNING * * *
You hit the raiju.
The raiju is moderately wounded.
The raiju bites you.
* * * LOW HITPOINT WARNING * * *
The raiju shocks you!
You die...

..##.#####.#
... ..##...#..
... . ##
.##..#.........
. #..
#.#..#.#### . #
#..#.#h##.. #..
#.....#.#.# .
#..#...# ##
#..#....#
#....@##
#..#.###h....#
..#.. ##...# .
#.#. .## # .. .
##


You could see 2 raiju.

Vanquished Creatures
  An ice beast (D:2)
  A scorpion (D:3)
  2 orc priests (D:3)
  An orc wizard (D:3)
  Jessica (D:2)
  2 merfolk sirens (Sewer)
  A merfolk avatar (Sewer)
  Robin (D:3)
  2 river rats (Sewer)
  8 adders
  An adder skeleton (D:3)
  A worm (D:2)
  A dart slug (D:2)
  10 leopard geckos
  4 orcs (D:3)
  9 giant cockroaches
  15 goblins
  9 hobgoblins
  7 jackals
  5 kobolds
  A quokka (D:2)
  4 ball pythons (Sewer)
  5 bats
  3 frilled lizards
  26 rats
121 creatures vanquished.

Vanquished Creatures (collateral kills)
  An insubstantial wisp (Abyss:1)
1 creature vanquished.

Grand Total: 122 creatures vanquished

Notes
Turn   | Place    | Note
-------+----------+-------------------------------------------
     0 | D:1      | Peloso the Minotaur Fighter began the quest for the Orb.
     0 | D:1      | Reached XP level 1. HP: 19/19 MP: 0/0
   284 | D:1      | Reached XP level 2. HP: 24/27 MP: 1/1
   506 | D:2      | Reached skill level 4 in Shields
   649 | D:2      | Found a radiant altar of Vehumet.
   676 | D:2      | Noticed Jessica
   686 | D:2      | Noticed an ice beast
   695 | D:2      | Killed an ice beast
   696 | D:2      | Reached skill level 1 in Dodging
   696 | D:2      | Reached XP level 3. HP: 14/34 MP: 2/2
   696 | D:2      | Reached XP level 4. HP: 17/41 MP: 3/3
   699 | D:2      | Killed Jessica
   700 | D:2      | Reached XP level 5. HP: 16/47 MP: 4/4
   752 | D:2      | Reached skill level 5 in Armour
  1782 | D:3      | Noticed Robin
  1813 | D:3      | Killed Robin
  1814 | D:3      | Reached skill level 5 in Shields
  1831 | D:3      | Reached XP level 6. HP: 30/53 MP: 5/5
  2079 | D:3      | Found a glowing drain.
  2093 | Sewer    | Entered a sewer
  2341 | Sewer    | Reached skill level 6 in Shields
  2455 | Sewer    | Reached skill level 5 in Long Blades
  2455 | Sewer    | Reached XP level 7. HP: 44/60 MP: 6/6
  3059 | D:3      | Cast into level 1 of the Abyss (unwielding a weapon of
                  | distortion)
  3125 | Abyss:1  | Noticed a smoke demon
  3137 | Abyss:1  | Noticed a vampire
  3214 | Abyss:1  | Noticed a bone dragon
  3262 | Abyss:1  | Noticed a raiju
  3273 | Abyss:1  | Noticed a raiju
  3276 | Abyss:1  | Slain by a raiju

Illustrated notes

Levels and vault maps discovered:
D:1:      mainiacjoe_arrival_reflecting_pool, layout_rooms, nrook_campfire
D:2:      layout_basic, nicolae_overflow_hidden_temple, uniq_jessica
D:3:      layout_loops_ring, gup_sewer_entry_pipe, kennysheep_boxes, uniq_robin
Abyss:1:  base:
D:3

Skill      XL: |  1  2  3  4  5  6  7 |
---------------+----------------------+-----
Shields        | 4 5 6 |  6.1
Armour         | 4 5 |  5.9
Fighting       | 4 |  4.9
Long Blades    | 3 5 |  5.3
Dodging        | 1 2 |  2.0

Action                   |  1- 3 |  4- 6 |  7- 9 || total
-------------------------+-------+-------+-------++-------
Melee: Long sword        |    40 |   209 |    30 ||   279
       Headbutt          |     4 |    32 |     4 ||    40
  Use: Potion            |     2 |       |     3 ||     5
       Scroll            |       |    10 |     4 ||    14
Armor: Scale mail        |    21 |    83 |     6 ||   110
Dodge: Dodged            |    20 |    64 |     5 ||    89
Block: Kite shield       |    19 |   123 |    18 ||   160
       Rpst.: Long sword |     3 |    25 |       ||    28

Table legend: (Time is in decaauts)
 A = Elapsed time spent in this place.
 B = Non-inter-level travel time spent in this place.
 C = Inter-level travel time spent in this place.
 D = Time resting spent in this place.
 E = Time spent auto-exploring this place.
 F = Levels seen in this place.
 G = Mean time per level.
                   A        B        C        D        E       F      G
               +--------+--------+--------+--------+--------+-----+--------+
         Total |   3435 |   3387 |     48 |     93 |   1883 |   5 |  687.0 |
       Dungeon |   2373 |   2325 |     48 |     31 |   1492 |   3 |  791.0 |
         Abyss |    218 |    218 |      0 |      0 |    140 |   1 |  218.0 |
         Sewer |    843 |    843 |      0 |     62 |    250 |   1 |  843.0 |
               +--------+--------+--------+--------+--------+-----+--------+

Top non-repeatable levels by time:
     D:2: 1266 daAuts
   Sewer: 843 daAuts
     D:3: 637 daAuts
     D:1: 469 daAuts
 Abyss:1: 218 daAuts
